 Dungeon Crawl Stone Soup version 0.19.1 (webtiles) character file.

35710 M4edhros the Blocker (level 13, -4/82 HPs)
             Began as an Octopode Artificer on Dec 12, 2016.
             Was an Elder of Fedhas.
             Slain by a freezing wraith (9 damage)
             ... summoned by a vampire mage
             ... on level 15 of the Dungeon.
             The game lasted 00:41:04 (12908 turns).

M4edhros the Blocker (Octopode Artificer)          Turns: 12908, Time: 00:41:05

Health: -4/82      AC: 14    Str: 12    XL:     13   Next: 85%
Magic:  21/21      EV: 17    Int: 14    God:    Fedhas [****..]
Gold:   806        SH: 23    Dex: 20    Spells: 2 memorised, 6 levels left

rFire  . . .     SeeInvis .     C - +2 flail (protect)
rCold  + . .     Gourm    .     K - +3 large shield
rNeg   + . .     Faith    .     R - +2 hat {Int+3}
rPois  .         Spirit   .     M - +3 amulet of reflection
rElec  .         Reflect  +     F - +3 ring of dexterity
rCorr  +         Harm     .     I - ring of resist corrosion
MR     .....                    i - ring of positive energy
Stlth  ++++++....               (no ring)
                                (no ring)
                                (no ring)
                                (no ring)
                                (no ring)

@: about to teleport, protection aura, drained
A: almost no armour, stealthy swim, amphibious, 8 rings, constrict 8, iridescent
scales 1, yellow scales 1, camouflage 1, blink, blurry vision 1, cold resistance
1, dopey 1, mutation resistance 1, gelatinous body 1
a: Blink, Fungal Bloom, Evolution, Sunlight, Growth, Reproduction, Renounce
Religion


You were on level 15 of the Dungeon.
You worshipped Fedhas.
Fedhas was greatly pleased with you.
You were not hungry.

You visited 1 branch of the dungeon, and saw 15 of its levels.

You collected 806 gold pieces.

Inventory:

Hand Weapons
 a - a +0 short sword
 m - a +1 hand axe of electrocution
 v - a +1 hunting sling of venom
 C - a +2 flail of protection (weapon)
Missiles
 q - 516 stones (quivered)
Armour
 K - a +3 large shield (worn)
 R - a +2 hat of intelligence (worn)
Jewellery
 i - a ring of positive energy (on tentacle)
 F - a +3 ring of dexterity (left tentacle)
 H - an uncursed amulet of regeneration
 I - a ring of resist corrosion (right tentacle)
 M - a +3 amulet of reflection (around mantle)
Wands
 b - a wand of flame (3/48)
 c - a wand of enslavement (12/24)
 d - a wand of random effects (8/48)
 f - a wand of digging (5/24)
 g - a wand of digging (9/24)
 k - a wand of digging (10/24)
 l - a wand of teleportation (4/9)
 s - a wand of flame (23/48)
 J - a wand of heal wounds (6/9)
 N - a wand of lightning (2/15)
 T - a wand of confusion (24/48)
 V - a wand of paralysis (7/24)
 W - a wand of flame (27/48)
 Z - a wand of random effects (25/48)
Scrolls
 r - 3 scrolls of remove curse
 w - 7 scrolls of fear
 x - 5 scrolls of amnesia
 y - 3 scrolls of teleportation
 z - a scroll of fog
 Q - 7 scrolls of identify
 U - a scroll of magic mapping
Potions
 e - a potion of might
 h - 3 potions of lignification
 j - 2 potions of ambrosia
 n - a potion of flight
 p - a potion of berserk rage
 u - 3 potions of curing
 B - a potion of resistance
 D - 5 potions of agility
 E - a potion of cancellation
 S - a potion of invisibility
Comestibles
 o - 6 fruits
 t - 7 meat rations
 A - 5 beef jerkies
 O - a royal jelly
 P - 9 slices of pizza


   Skills:
 - Level 5.4(4.8) Fighting
 - Level 1.0(0.5) Short Blades
 - Level 6.3(5.7) Maces & Flails
 + Level 4.7(4.1) Slings
 - Level 9.2(8.5) Dodging
 - Level 10.3(9.7) Stealth
 * Level 13.2(12.5) Shields
 * Level 4.1(3.6) Charms
 * Level 4.3(3.7) Necromancy
 - Level 0.4(0.0) Air Magic
 - Level 1.0(0.5) Poison Magic
 - Level 11.1(10.4) Invocations
 - Level 3.2(2.7) Evocations


You had 6 spell levels left.
You knew the following spells:

 Your Spells              Type           Power        Failure   Level  Hunger
a - Mephitic Cloud        Conj/Pois/Air  #.......     100%        3    ####...
b - Regeneration          Chrm/Necr      ##........   89%         3    ####...


Dungeon Overview and Level Annotations

Branches:
Dungeon (15/15)            Temple (0/1) D:7            Lair (0/6) D:8
    Orc (0/2) D:11         Vaults (0/5) D:14         Depths (0/5) D:15

Altars:
Cheibriados
Dithmenos
Elyvilon
Fedhas
Kikubaaqudgha
Makhleb
Okawaru
Qazlal
Sif Muna
Trog
Uskayaw

Shops:
D:9 =   D:10 %   D:12 :   D:14 }   D:15 [

Portals:
Trove: D:12 (give 8 potions of haste)


Innate Abilities, Weirdness & Mutations

You cannot wear most types of armour.
You are very stealthy in the water. (Stealth+)
You are amphibious.
You can wear up to eight rings at the same time.
You can use your tentacles to constrict eight enemies at once.
Your skin changes colour to match your surroundings (Stealth+).
Your rubbery body absorbs attacks. (AC +1, EV +1)
You are partially covered in iridescent scales. (AC +2)
You are partially covered in yellow scales. (AC +2)
You can translocate small distances at will.
Scrolls take you a little longer to read.
Your flesh is cold resistant. (rC+)
You are dopey. (Int -2)
You are somewhat resistant to further mutation.


Message History

The freezing wraith barely misses you. The freezing wraith closely misses you.
The phantasmal warrior blinks!
The vampire mage is infused with unholy energy.
* * * LOW HITPOINT WARNING * * *
The vampire mage draws life force from you and is healed!
As you read the scroll of teleportation, it crumbles to dust.
You feel strangely unstable.
Okay, then.
Okay, then.
You feel better.
You constrict the vampire mage. The spectral wolf spider hits you!
* * * LOW HITPOINT WARNING * * *
You block the spectral wolf spider's attack.
The shadow strikes at you from the darkness!
Reactivating autopickup.
You block the mummy's attack. The freezing wraith hits you.
* * * LOW HITPOINT WARNING * * *
The freezing wraith freezes you! You resist.
You die...
Fedhas appreciates your contribution to the ecosystem.

............##..≈≈≈≈≈.≈.#....
#.⌠.⌠.#.....##...≈.≈.........
.............................
#.....#.#.................#..
.............##.(.........#..
...###......######(......#..
.! #.....§#...##..........
#....WW#....).......... .####
#...ZM@#...............
.....##....ZV##............##
..$...#.....z##............#
....P........W.......###...##
....P...###..................
.P.8....# #..................
......8.# #..................
V....p..# #..................
P.8...P## #..................


You could see a vampire mage, a phantasmal warrior, a freezing wraith, a
spectral wolf spider, a shadow, a flying skull, a mummy and a centaur warrior
zombie.

Vanquished Creatures
  Gastronok (D:9)
  A fire dragon (D:14)
  An ogre mage (D:14)
  Harold (D:10)
  3 centaur warriors
  An unseen horror (D:15)
  A skeletal warrior (D:15)
  A wandering mushroom (D:10)
  A hill giant (D:15)
  A cyclops (D:13)
  11 ugly things
  2 deep elf magi (D:14)
  A slime creature (D:10)
  2 gargoyles
  6 centaur skeletons
  A kobold demonologist (D:14)
  5 yaktaurs (D:14)
  An efreet (D:14)
  A two-headed ogre (D:14)
  4 trolls
  A tengu conjurer (D:15)
  A harpy skeleton (D:14)
  4 hippogriffs
  Sigmund (D:2)
  2 centaur simulacra (D:15)
  A spriggan (D:10)
  A wraith (D:9)
  A basilisk (D:13)
  4 yaks
  A hungry ghost (D:12)
  Menkaure (D:5)
  6 orc warriors
  2 water moccasins (D:9)
  4 ice beasts
  4 sky beasts
  4 phantoms
  A black bear (D:8)
  2 eyes of draining
  3 boggarts (D:14)
  6 ogres
  9 centaurs
  A wolf (D:15)
  A crocodile (D:15)
  Blork the orc (D:5)
  4 big kobolds
  16 bullfrogs
  2 scorpions
  16 wights
  6 howler monkeys
  3 crimson imps
  3 jellies
  8 hounds
  2 orc priests
  9 orc wizards
  Jessica (D:2)
  A bullfrog skeleton (D:12)
  4 human skeletons (D:9)
  Terence (D:2)
  8 worker ants
  2 iguanas
  Ijyb (D:2)
  2 ogre skeletons (D:9)
  2 hound skeletons
  3 mummies (D:9)
  5 gnolls
  11 adders
  A river rat (D:8)
  A howler monkey skeleton (D:10)
  3 shadow imps
  2 white imps (D:15)
  3 worms
  6 leopard geckos
  37 orcs
  11 bats
  4 giant cockroaches
  11 goblins
  5 hobgoblins
  7 jackals
  A quokka (D:11)
  A ball python (D:3)
  2 frilled lizards
  20 kobolds
  13 rats
  A ballistomycete spore (D:14)
347 creatures vanquished.

Vanquished Creatures (collateral kills)
  Frances (D:14)
  Erica (D:8)
  4 centaur warriors (D:10)
  A tengu warrior (D:15)
  The ghost of heranbago the Bludgeoner, a novice MiBe of Trog (D:10)
  An unseen horror (D:15)
  A skeletal warrior (D:14)
  2 hill giants
  An orc knight (D:14)
  3 ugly things (D:14)
  A cyclops (D:11)
  A fire giant skeleton (D:15)
  Psyche (D:10)
  A gargoyle (D:13)
  A komodo dragon (D:10)
  3 two-headed ogres (D:14)
  2 water elementals (D:14)
  A centaur simulacrum (D:15)
  2 yaks (D:9)
  A shadow (D:12)
  A hungry ghost (D:13)
  An ice beast (D:15)
  4 ogres
  2 centaurs (D:12)
  A big kobold (D:14)
  A bullfrog (D:10)
  A troll skeleton (D:9)
  A wight (D:3)
  A crimson imp (D:15)
  A jelly (D:12)
  A gnoll shaman (D:6)
  An orc priest (D:14)
  A hound (D:12)
  An orc wizard (D:12)
  3 centaur skeletons
  3 gnolls (D:6)
  An adder (D:2)
  5 orcs
  A giant cockroach (D:9)
  2 jackals (D:8)
  A kobold (D:14)
  A ballistomycete spore (D:14)
  A hyperactive ballistomycete (D:14)
66 creatures vanquished.

Vanquished Creatures (others)
  A wolf spider zombie (D:15)
  A manticore (D:14)
  A water elemental (D:15)
  18 wandering mushrooms
  A sky beast (D:12)
  A necrophage (D:11)
  A ballistomycete (D:14)
  3 ballistomycete spores (D:14)
  319 toadstools
346 creatures vanquished.

Grand Total: 759 creatures vanquished

Notes
Turn   | Place    | Note
-------+----------+-------------------------------------------
     0 | D:1      | M4edhros the Octopode Artificer began the quest for the Orb.
     0 | D:1      | Reached XP level 1. HP: 13/13 MP: 3/3
   108 | D:1      | Reached XP level 2. HP: 11/18 MP: 4/4
   233 | D:2      | Noticed Terence
   233 | D:2      | Noticed Ijyb
   239 | D:2      | Killed Terence
   239 | D:2      | Reached XP level 3. HP: 23/23 MP: 5/5
   283 | D:2      | Killed Ijyb
   283 | D:2      | Reached skill level 5 in Stealth
   474 | D:2      | Reached XP level 4. HP: 23/28 MP: 6/6
   496 | D:2      | Noticed Sigmund
   537 | D:2      | Killed Sigmund
   537 | D:2      | Reached XP level 5. HP: 12/33 MP: 7/7
   537 | D:2      | Reached XP level 6. HP: 14/38 MP: 8/8
   675 | D:2      | Found a blossoming altar of Fedhas.
   694 | D:2      | Became a worshipper of Fedhas Madash
  1081 | D:1      | Reached * piety under Fedhas
  1470 | D:2      | Noticed Jessica
  1478 | D:2      | Killed Jessica
  1961 | D:3      | Found a bloodstained altar of Trog.
  2017 | D:3      | Reached ** piety under Fedhas
  2097 | D:3      | Reached skill level 1 in Invocations
  2097 | D:3      | Reached XP level 7. HP: 22/43 MP: 9/9
  2216 | D:3      | Reached skill level 10 in Stealth
  2459 | D:3      | Found a stormy altar of Qazlal.
  2856 | D:5      | Entered Level 5 of the Dungeon
  2994 | D:5      | Reached skill level 1 in Shields
  3017 | D:5      | Reached XP level 8. HP: 48/48 MP: 10/10
  3035 | D:5      | Reached skill level 2 in Shields
  3275 | D:5      | Noticed Blork the orc
  3282 | D:5      | Killed Blork the orc
  3286 | D:5      | Gained mutation: Your magical capacity is low. (-10% MP) [mutagenic meat]
  3287 | D:5      | Gained mutation: You are somewhat resistant to further mutation. [mutagenic meat]
  3288 | D:5      | Gained mutation: Your flesh is cold resistant. (rC+) [mutagenic meat]
  3290 | D:5      | Gained mutation: You are dopey. (Int -2) [mutagenic meat]
  3344 | D:5      | Reached skill level 3 in Shields
  3376 | D:5      | Noticed Menkaure
  3379 | D:5      | Killed Menkaure
  3442 | D:6      | Reached skill level 5 in Invocations
  3443 | D:6      | Reached *** piety under Fedhas
  3518 | D:6      | Found a snail-covered altar of Cheibriados.
  3546 | D:6      | Reached skill level 4 in Shields
  3720 | D:6      | Reached XP level 9. HP: 49/53 MP: 10/11
  4077 | D:6      | Reached skill level 5 in Shields
  4081 | D:6      | Found an iron altar of Okawaru.
  4267 | D:7      | Reached skill level 5 in Dodging
  4389 | D:7      | Found a shadowy altar of Dithmenos.
  4430 | D:7      | Reached skill level 6 in Shields
  4664 | D:7      | Found a staircase to the Ecumenical Temple.
  5094 | D:8      | Reached skill level 7 in Shields
  5110 | D:8      | Found a hide-covered altar of Uskayaw.
  5110 | D:8      | Noticed a hand axe
  5111 | D:8      | Noticed a dagger
  5127 | D:8      | Reached XP level 10. HP: 51/58 MP: 13/13
  5150 | D:8      | Noticed Erica
  5226 | D:8      | Killed Erica
  5276 | D:8      | Found a staircase to the Lair.
  5299 | D:8      | Reached skill level 8 in Shields
  5626 | D:9      | Reached **** piety under Fedhas
  5688 | D:9      | Found Ymink's Jewellery Shop.
  5765 | D:9      | Noticed Gastronok
  5816 | D:9      | Killed Gastronok
  5816 | D:9      | Reached skill level 9 in Shields
  6190 | D:9      | Found an ancient bone altar of Kikubaaqudgha.
  6398 | D:9      | Found a deep blue altar of Sif Muna.
  6545 | D:9      | Reached XP level 11. HP: 44/63 MP: 15/15
  6620 | D:9      | Found a burning altar of Makhleb.
  6698 | D:10     | Entered Level 10 of the Dungeon
  6718 | D:10     | Reached ***** piety under Fedhas
  6735 | D:10     | Learned a level 3 spell: Mephitic Cloud
  6789 | D:10     | Noticed a hill giant
  6799 | D:10     | Killed a hill giant
  6799 | D:10     | Reached skill level 1 in Maces & Flails
  6799 | D:10     | Reached skill level 10 in Shields
  6845 | D:10     | Found Bigotop's Food Boutique.
  6907 | D:10     | Noticed a centaur warrior
  6907 | D:10     | Noticed a centaur warrior
  6907 | D:10     | Noticed a centaur warrior
  6908 | D:10     | Noticed a centaur warrior
  6912 | D:10     | Noticed heranbago's ghost (novice MiBe)
  7147 | D:10     | Noticed Psyche
  7167 | D:10     | Killed Psyche
  7188 | D:10     | Killed a centaur warrior
  7199 | D:10     | Killed heranbago's ghost
  7220 | D:10     | Killed a centaur warrior
  7278 | D:10     | Killed a centaur warrior
  7299 | D:10     | Lost mutation: You are dopey. (Int -2) [potion of cure mutation]
  7299 | D:10     | Lost mutation: Your magical capacity is low. (-10% MP) [potion of cure mutation]
  7299 | D:10     | Lost mutation: You are somewhat resistant to further mutation. [potion of cure mutation]
  7299 | D:10     | Lost mutation: Your flesh is cold resistant. (rC+) [potion of cure mutation]
  7318 | D:10     | Noticed Harold
  7332 | D:10     | Killed Harold
  7382 | D:10     | Killed a centaur warrior
  7739 | D:10     | Reached skill level 11 in Shields
  7872 | D:11     | Noticed a cyclops
  7882 | D:11     | Killed a cyclops
  7955 | D:11     | Found a staircase to the Orcish Mines.
  8303 | D:11     | Gained mutation: You can translocate small distances at will. [potion of mutation]
  8303 | D:11     | Gained mutation: Your flesh is cold resistant. (rC+) [potion of mutation]
  8303 | D:11     | Gained mutation: Your spells are a little easier to cast, but a little less powerful. [potion of mutation]
  8366 | D:11     | Reached skill level 10 in Invocations
  8383 | D:11     | Reached XP level 12. HP: 69/69 MP: 19/19
  8648 | D:12     | Gained mutation: You are somewhat resistant to further mutation. [mutagenic meat]
  8649 | D:12     | Lost mutation: Your spells are a little easier to cast, but a little less powerful. [mutagenic meat]
  8820 | D:12     | Gained mutation: You are partially covered in yellow scales. (AC +2) [mutagenic meat]
  8821 | D:12     | Gained mutation: You are dopey. (Int -2) [mutagenic meat]
  8838 | D:12     | Found Loheyf's Book Boutique.
  8971 | D:12     | Found a portal to a secret trove of treasure.
 10177 | D:13     | Reached skill level 1 in Slings
 10548 | D:14     | Reached skill level 12 in Shields
 10680 | D:14     | Reached skill level 5 in Maces & Flails
 10691 | D:14     | Noticed a fire dragon
 10724 | D:14     | Killed a fire dragon
 10823 | D:14     | Noticed a centaur warrior
 10841 | D:14     | Killed a centaur warrior
 10880 | D:14     | Noticed an ogre mage
 11009 | D:14     | Noticed a sun demon
 11043 | D:14     | Reached XP level 13. HP: 69/81 MP: 21/21
 11060 | D:14     | Reached skill level 1 in Poison Magic
 11089 | D:14     | Learned a level 3 spell: Regeneration
 11151 | D:14     | Reached skill level 1 in Charms
 11165 | D:14     | Killed an ogre mage
 11165 | D:14     | Reached skill level 1 in Necromancy
 11378 | D:14     | Noticed Frances
 11413 | D:14     | Killed Frances
 11413 | D:14     | Reached skill level 5 in Fighting
 11502 | D:14     | Found Gaamer's Gadget Emporium.
 11751 | D:14     | Gained mutation: You are partially covered in iridescent scales. (AC +2) [mutagenic meat]
 12045 | D:14     | Reached skill level 13 in Shields
 12050 | D:14     | Gained mutation: Scrolls take you a little longer to read. [mutagenic meat]
 12133 | D:14     | Found a gate to the Vaults.
 12156 | D:15     | Entered Level 15 of the Dungeon
 12166 | D:15     | Found Ulepaem's Armour Shoppe.
 12843 | D:15     | Found a white marble altar of Elyvilon.
 12864 | D:15     | Found a staircase to the Depths.
 12908 | D:15     | Slain by a freezing wraith

Skill      XL: |  1  2  3  4  5  6  7  8  9 10 11 12 13 |
---------------+----------------------------------------+-----
Stealth        | 3 4 5 8 9 10 | 10.3
Invocations    | 1 3 5 7 8 10 11 | 11.1
Shields        | 1 4 7 9 11 12 13 | 13.2
Dodging        | 4 6 7 8 9 |  9.2
Maces & Flails | 3 5 6 |  6.3
Fighting       | 4 5 |  5.4
Slings         | 3 4 |  4.7
Poison Magic   | 1 |  1.0
Charms         | 4 |  4.1
Necromancy     | 4 |  4.3
Short Blades   | |  1.0
Air Magic      | |  0.4
Evocations     | |  3.2

Action                   |  1- 3 |  4- 6 |  7- 9 | 10-12 | 13-15 || total
-------------------------+-------+-------+-------+-------+-------++-------
Melee: Short sword       |    28 |     1 |   174 |    58 |       ||   261
       Constrict         |     9 |    24 |    42 |    95 |    37 ||   207
       Tentacles         |     4 |    13 |    44 |   207 |    98 ||   366
       Hand axe          |     1 |    67 |       |       |       ||    68
       Flail             |       |    11 |    41 |   664 |   303 ||  1019
 Fire: Hunting sling     |       |     1 |       |     2 |       ||     3
Invok: Fungal Bloom      |       |    19 |    21 |    64 |    16 ||   120
       Evolution         |       |     1 |     3 |    12 |     4 ||    20
       Sunlight          |       |       |       |     3 |     8 ||    11
       Reproduction      |       |       |       |     4 |       ||     4
Evoke: Wand              |     3 |       |    11 |    23 |     6 ||    43
  Use: Potion            |       |     1 |       |    15 |     1 ||    17
       Scroll            |       |       |    13 |     7 |     3 ||    23
 Stab: Sleeping          |     2 |     9 |    18 |    33 |     4 ||    66
       Distracted        |       |     1 |     1 |     6 |     5 ||    13
       Confused          |       |       |     3 |    12 |     5 ||    20
  Eat: Bread ration      |       |     1 |     2 |     5 |     2 ||    10
       Chunk             |       |       |     5 |    16 |    13 ||    34
Armor: Skin              |     9 |    14 |    13 |    81 |    28 ||   145
Dodge: Dodged            |    24 |    71 |    84 |   304 |   125 ||   608
Block: Buckler           |       |       |    18 |       |       ||    18
       Large shield      |       |       |    96 |   772 |   339 ||  1207
       Reflection        |       |       |       |       |     7 ||     7
